 Dungeon Sprint DCSS version 0.16-a0-3884-g0a5f664 (webtiles) character file.

25510 BluebellGnoll the Acrobat (level 12, -9/67 HPs)
             Began as a Spriggan Enchanter on Feb 2, 2015.
             Was the Champion of Vehumet.
             Engulfed by a cloud of freezing vapour (12 damage)
             ... in the Dungeon (Sprint IX: "|||||||||||||||||||||||||||||").
             The game lasted 00:32:52 (3886 turns).

BluebellGnoll the Acrobat (Spriggan Enchanter)      Turns: 3886, Time: 00:32:52

Health: -9/67      AC:  7    Str:  6    XL:     12   Next: 90%
Magic:  24/39      EV: 40    Int: 25    God:    Vehumet [******]
Gold:   25         SH:  0    Dex: 23    Spells: 12 memorised, 0 levels left

rFire  . . .     SeeInvis +     n - +2 rapier (elec)
rCold  . . .     Clarity  +     A - +2 robe {MR+}
rNeg   . . .     SustAb   .     (shield restricted)
rPois  +         Gourm    .     p - +2 hat {MR+}
rElec  .         Spirit   .     a - +0 cloak
rCorr  .         Warding  .     (gloves unavailable)
rMut   .         NoTele   +     (boots unavailable)
MR     ++++.                    C - amulet of clarity
Stlth  +++++++++.               b - ring of poison resistance
                                D - ring "Shronutwe" {Str+2 Int+5 Dex+5}

@: very slightly contaminated, very quick, incredibly resistant to hostile
enchantments, incredibly stealthy
A: unfitting armour, see invisible, herbivore 3, speed 3, slow metabolism 2
a: Renounce Religion


You were in the Dungeon.
You worshipped Vehumet.
Vehumet was exalted by your worship.
You were full.

You visited 1 branch You collected 1926 gold pieces.
You spent 1901 gold pieces at shops.

Inventory:

Hand weapons
 n - a +2 rapier of electrocution (weapon)
Missiles
 q - 5 throwing nets (quivered)
Armour
 a - a +0 cloak (worn)
 p - a +2 hat of magic resistance (worn)
 A - a +2 robe of magic resistance (worn)
Magical staves
 m - an uncursed staff of energy
Jewellery
 b - a ring of poison resistance (right hand)
 o - a +3 ring of intelligence
 s - an uncursed ring of protection from cold
 B - an uncursed ring of magical power
 C - an amulet of clarity (around neck)
 D - the ring "Shronutwe" (left hand) {Str+2 Int+5 Dex+5}
   (You bought it in a shop in the Dungeon)

   [ring of intelligence]

   It affects your strength (+2).
   It affects your intelligence (+5).
   It affects your dexterity (+5).
 E - an uncursed ring of protection from fire
 F - an uncursed ring of protection from magic
 G - an uncursed ring of protection from fire
Magical devices
 l - a wand of fire (9)
Scrolls
 i - 3 scrolls of remove curse
 j - 2 scrolls of blinking
 k - a scroll of amnesia
 w - 2 scrolls of fog
 x - 3 scrolls of recharging
 y - a scroll of identify
 H - 2 scrolls of fear
Potions
 e - a potion of invisibility
 f - 7 potions of heal wounds
 g - 4 potions of curing
 h - 4 potions of magic
 r - 2 potions of haste
 t - a potion of cure mutation
 u - a potion of berserk rage
 v - a potion of agility
Books
 c - a book of Maledictions

   Spells                             Type                      Level
   a - Corona                         Hexes                        1
   b - Sure Blade                     Hexes/Charms                 2
   c - Ensorcelled Hibernation        Hexes/Ice                    2
   d - Confuse                        Hexes                        3
   e - Dazzling Spray                 Conjuration/Hexes            3
   f - Enslavement                    Hexes                        4
Comestibles
 d - 13 bread rations
 z - 32 fruits


   Skills:
 - Level 10.0 Fighting
 - Level 10.3 Short Blades
 - Level 21.5 Dodging
 - Level 20.1 Stealth
 - Level 19.9 Spellcasting
 + Level 4.0 Conjurations
 - Level 7.9 Hexes
 - Level 8.1 Ice Magic
 - Level 5.1 Air Magic


You couldn't memorise any spells.
You knew the following spells:

 Your Spells              Type           Power        Failure   Level  Hunger
a - Corona                Hex            ######.      1%          1    None
b - Ensorcelled Hibernat  Hex/Ice        ######       1%          2    None
c - Confuse               Hex            ######..     1%          3    None
d - Sure Blade            Hex/Chrm       #####.....   1%          2    None
e - Dazzling Spray        Conj/Hex       ######..     1%          3    None
f - Enslavement           Hex            ######..     1%          4    None
g - Fulminant Prism       Conj/Hex       ######....   1%          4    None
h - Orb of Destruction    Conj           #####.....   83%         7    #####..
i - Iron Shot             Conj/Erth      #####.....   50%         6    ##.....
j - Bolt of Fire          Conj/Fire      #####.....   50%         6    ##.....
k - Bolt of Cold          Conj/Ice       ######....   7%          6    ##.....
l - Freezing Cloud        Conj/Ice/Air   ######....   8%          6    ##.....


Dungeon Overview and Level Annotations

Branches:
Dungeon (1/1)

Altars:
Cheibriados
Dithmenos
Elyvilon
Fedhas
Gozag
Kikubaaqudgha
Makhleb
Nemelex Xobeh
Okawaru
Qazlal
Ru
Sif Muna
Trog
Vehumet
Xom
Yredelemnul
Zin
The Shining One
Beogh
Jiyva
Lugonu

Shops:
D %=%(


Innate Abilities, Weirdness & Mutations

You are tiny and cannot use many weapons and most armour.
You have supernaturally acute eyesight.
You are a herbivore.
You cover ground extremely quickly.
You need consume almost no food.


Message History

You feel your power returning.
Your Conjurations skill increases to level 4!
You feel a bit more experienced.
The spriggan druid gestures wildly while chanting.
The spriggan druid is healed somewhat.
Things that are here:
a short sword; a robe; a naga skeleton
Casting: Freezing Cloud
Confirm with . or Enter, or press ? or * to list all spells.
Aiming: Freezing Cloud
Press: ? - help, Dir - move target cursor, f - briar patch
Aim: a briar patch That beam is likely to hit you.
Continue anyway?
You are engulfed in freezing vapours.
* * * LOW HITPOINT WARNING * * *
The briar patch is engulfed in freezing vapours. x2
The spriggan druid is engulfed in freezing vapours.
Unknown command.
You are engulfed in freezing vapours.
You die...

_▓.▓.▓.▓)▓.▓.▓†▓P▓
_▓.▓.▓.▓)▓.▓)▓.▓P▓
_▓.▓'▓.▓)▓.▓)▓.▓§▓
_▓.▓.▓.▓.▓.▓)▓.▓§▓
_▓.▓.▓.▓)▓.▓)▓.▓§▓
_▓.▓.▓.▓)▓.▓)▓.▓§▓
'▓.▓.▓.▓[▓.▓)▓.▓§▓
.▓.▓.▓.▓)▓.▓)▓.▓§▓
.▓.▓.▓)▓)▓.▓)▓.▓@▓
.▓.▓†▓.▓)▓.▓.▓.▓.▓
.▓.▓)▓.▓'▓.▓=▓.▓(▓
.▓.▓.▓.▓[▓.▓.▓.▓.▓
'▓.▓†▓.▓)▓.▓.▓.▓(▓
.▓.▓.▓.▓.▓.▓.▓.▓.▓
.▓.▓.▓.▓.▓.▓'▓.▓.▓
.▓.▓.▓)▓.▓.▓.▓.▓.▓
.▓.▓'▓.▓.▓.▓.▓.▓.▓


There were no monsters in sight!

Vanquished Creatures
  2 emperor scorpions (D)
  Gastronok (D)
  A dire elephant (D)
  An ettin (D)
  2 hydras (D)
  Harold (D)
  2 anacondas (D)
  A tengu warrior (D)
  A naga sharpshooter (D)
  10 orc high priests (D)
  A fire crab (D)
  An ice devil (D)
  A fire crab (shapeshifter) (D)
  3 orc knights (D)
  Erolcha (D)
  A wizard (D)
  A hill giant (D)
  A hornet (D)
  A manticore (D)
  3 black mambas (D)
  2 naga magi (D)
  A kobold demonologist (D)
  An elf (shapeshifter) (D)
  2 komodo dragons (D)
  A troll (D)
  A spriggan (D)
  Grum (D)
  5 wolves (D)
  A vampire mosquito (D)
  5 wargs (D)
  A mottled dragon (D)
  A naga (D)
  A hell hound (D)
  An ice beast (D)
  A porcupine (D)
  A swamp drake (D)
  A wasp (D)
  A sky beast (D)
  A boggart (D)
  11 orc warriors (D)
  2 crocodiles (D)
  A centaur (D)
  5 giant frogs (D)
  A killer bee (D)
  7 orc priests (D)
  5 hounds (D)
  2 orc wizards (D)
  An iguana (D)
  A worker ant (D)
  2 sheep (D)
  A mummy (D)
  3 river rats (D)
  An adder (D)
  A giant mite (D)
  An adder skeleton (D)
  6 orcs (D)
  A hobgoblin (D)
  A giant newt (D)
  2 kobolds (D)
  A rat (D)
121 creatures vanquished.

Vanquished Creatures (collateral kills)
  A dire elephant (D)
1 creature vanquished.

Vanquished Creatures (others)
  2 fulminant prisms (D)
  A giant spore (D)
  A ballistomycete (D)
  A fungus (D)
5 creatures vanquished.

Grand Total: 127 creatures vanquished

Notes
Turn   | Place    | Note
--------------------------------------------------------------
     0 | D        | BluebellGnoll, the Spriggan Enchanter, began the quest for the Orb.
     0 | D        | Reached XP level 1. HP: 9/9 MP: 4/4
    11 | D        | Reached skill level 5 in Stealth
    18 | D        | Reached skill level 6 in Stealth
   153 | D        | Noticed an ice beast
   153 | D        | Noticed a hound
   153 | D        | Noticed a hound
   161 | D        | Reached skill level 8 in Stealth
   161 | D        | Reached XP level 2. HP: 10/13 MP: 3/7
   173 | D        | Learned a level 2 spell: Ensorcelled Hibernation
   179 | D        | Killed a hound
   179 | D        | Reached skill level 11 in Stealth
   179 | D        | Reached XP level 3. HP: 3/16 MP: 1/9
   189 | D        | Killed a hound
   189 | D        | Reached skill level 12 in Stealth
   189 | D        | Reached XP level 4. HP: 21/21 MP: 1/12
   196 | D        | Killed an ice beast
   196 | D        | Reached skill level 16 in Stealth
   196 | D        | Reached XP level 5. HP: 18/24 MP: 2/14
   216 | D        | Learned a level 3 spell: Confuse
   219 | D        | Learned a level 2 spell: Sure Blade
   219 | D        | Found a glowing silver altar of Zin.
   219 | D        | Found a glowing golden altar of the Shining One.
   219 | D        | Found an ancient bone altar of Kikubaaqudgha.
   219 | D        | Found a basalt altar of Yredelemnul.
   219 | D        | Found a shimmering altar of Xom.
   219 | D        | Found a radiant altar of Vehumet.
   219 | D        | Found an iron altar of Okawaru.
   220 | D        | Found a burning altar of Makhleb.
   221 | D        | Found a deep blue altar of Sif Muna.
   222 | D        | Found a bloodstained altar of Trog.
   223 | D        | Found a sparkling altar of Nemelex Xobeh.
   224 | D        | Found a white marble altar of Elyvilon.
   225 | D        | Found a roughly hewn altar of Beogh.
   226 | D        | Found a viscous altar of Jiyva.
   227 | D        | Became a worshipper of Vehumet
   228 | D        | Found a corrupted altar of Lugonu.
   229 | D        | Found a blossoming altar of Fedhas.
   230 | D        | Found a snail-covered altar of Cheibriados.
   231 | D        | Found a shadowy altar of Dithmenos.
   232 | D        | Found a stormy altar of Qazlal.
   233 | D        | Found an opulent altar of Gozag.
   234 | D        | Found a sacrificial altar of Ru.
   341 | D        | Noticed a worker ant
   341 | D        | Noticed a giant frog
   341 | D        | Noticed a crocodile
   341 | D        | Noticed a killer bee
   343 | D        | Killed a killer bee
   343 | D        | Reached skill level 5 in Hexes
   430 | D        | Killed a crocodile
   430 | D        | Acquired Vehumet's first power
   430 | D        | Offered knowledge of Shock by Vehumet.
   430 | D        | Reached XP level 6. HP: 28/28 MP: 16/22
   433 | D        | Killed a giant frog
   439 | D        | Killed a worker ant
   456 | D        | Learned a level 3 spell: Dazzling Spray
   461 | D        | Learned a level 4 spell: Enslavement
   544 | D        | Noticed a hill giant
   544 | D        | Noticed a manticore
   544 | D        | Noticed a sky beast
   544 | D        | Noticed a fire crab
   544 | D        | Noticed a hound
   546 | D        | Killed a hound
   548 | D        | Killed a fire crab
   548 | D        | Reached skill level 10 in Dodging
   548 | D        | Reached XP level 7. HP: 32/32 MP: 25/29
   550 | D        | Killed a sky beast
   550 | D        | Reached XP level 8. HP: 36/36 MP: 26/31
   555 | D        | Killed a manticore
   555 | D        | Offered knowledge of Sandblast by Vehumet.
   555 | D        | Acquired Vehumet's second power
   584 | D        | Killed a hill giant
   625 | D        | Noticed Harold
   641 | D        | Killed Harold
   641 | D        | Reached XP level 9. HP: 39/39 MP: 24/33
   735 | D        | Noticed a hound
   735 | D        | Noticed a porcupine
   735 | D        | Noticed a komodo dragon
   735 | D        | Noticed a five-headed hydra
   735 | D        | Noticed an iguana
   736 | D        | Noticed a wolf
   737 | D        | Killed an iguana
   737 | D        | Acquired Vehumet's third power
   738 | D        | Noticed a komodo dragon
   754 | D        | Killed a komodo dragon
   764 | D        | Killed a porcupine
   769 | D        | Killed a five-headed hydra
   769 | D        | Offered knowledge of Throw Frost by Vehumet.
   776 | D        | Killed a hound
   785 | D        | Killed a wolf
   809 | D        | Killed a komodo dragon
   809 | D        | Reached skill level 10 in Short Blades
   913 | D        | Noticed a hound
   913 | D        | Noticed a crocodile
   913 | D        | Noticed a fire crab
   913 | D        | Noticed a five-headed hydra
   914 | D        | Noticed a giant frog
   915 | D        | Killed a five-headed hydra
   915 | D        | Reached skill level 5 in Fighting
   915 | D        | Reached XP level 10. HP: 42/51 MP: 32/34
   925 | D        | Killed a fire crab
   927 | D        | Killed a crocodile
   929 | D        | Killed a hound
   933 | D        | Killed a giant frog
   934 | D        | Noticed a giant frog
   941 | D        | Killed a giant frog
   945 | D        | Noticed a warg
   945 | D        | Noticed a warg
   945 | D        | Noticed a hell hound
   945 | D        | Noticed a warg
   945 | D        | Noticed a warg
   949 | D        | Killed a warg
   950 | D        | Noticed a wolf
   952 | D        | Noticed a warg
   986 | D        | Killed a hell hound
   986 | D        | Offered knowledge of Fulminant Prism by Vehumet.
  1014 | D        | Killed a warg
  1019 | D        | Killed a warg
  1021 | D        | Killed a warg
  1025 | D        | Killed a warg
  1028 | D        | Killed a wolf
  1043 | D        | Noticed a wolf
  1052 | D        | Killed a wolf
  1085 | D        | Learned a level 4 spell: Fulminant Prism
  1133 | D        | Noticed Erolcha
  1148 | D        | Killed Erolcha
  1148 | D        | Offered knowledge of Olgreb's Toxic Radiance by Vehumet.
  1148 | D        | Reached skill level 10 in Fighting
  1190 | D        | Noticed an orc priest
  1190 | D        | Noticed an orc wizard
  1190 | D        | Noticed an orc priest
  1190 | D        | Noticed an orc priest
  1190 | D        | Noticed an orc warrior
  1190 | D        | Noticed an orc knight
  1191 | D        | Noticed an orc wizard
  1194 | D        | Noticed an orc priest
  1200 | D        | Killed an orc knight
  1204 | D        | Noticed an orc warrior
  1204 | D        | Killed an orc warrior
  1204 | D        | Killed an orc priest
  1206 | D        | Killed an orc priest
  1207 | D        | Killed an orc priest
  1207 | D        | Reached skill level 17 in Dodging
  1210 | D        | Killed an orc wizard
  1213 | D        | Killed an orc priest
  1215 | D        | Killed an orc wizard
  1223 | D        | Killed an orc warrior
  1454 | D        | Offered knowledge of Throw Icicle by Vehumet.
  1465 | D        | Learned a level 4 spell: Throw Icicle
  1500 | D        | Noticed an orc warrior
  1500 | D        | Noticed an orc warrior
  1500 | D        | Noticed an orc warrior
  1500 | D        | Noticed an orc warrior
  1500 | D        | Noticed an orc warrior
  1500 | D        | Noticed an orc warrior
  1501 | D        | Noticed an orc warrior
  1517 | D        | Killed an orc warrior
  1520 | D        | Killed an orc warrior
  1523 | D        | Killed an orc warrior
  1525 | D        | Noticed an orc warrior
  1530 | D        | Killed an orc warrior
  1535 | D        | Killed an orc warrior
  1535 | D        | Offered knowledge of Bolt of Cold by Vehumet.
  1535 | D        | Reached XP level 11. HP: 57/63 MP: 15/35
  1557 | D        | Learned a level 6 spell: Bolt of Cold
  1560 | D        | Killed an orc warrior
  1564 | D        | Killed an orc warrior
  1575 | D        | Killed an orc warrior
  1575 | D        | Reached skill level 18 in Stealth
  1593 | D        | Noticed an orc knight
  1594 | D        | Noticed an orc warrior
  1612 | D        | Killed an orc knight
  1616 | D        | Killed an orc warrior
  1616 | D        | Reached skill level 19 in Stealth
  1619 | D        | Noticed an orc knight
  1627 | D        | Killed an orc knight
  1767 | D        | Found Buunu's Weapon Boutique.
  1767 | D        | Noticed an orc high priest
  1767 | D        | Noticed an orc high priest
  1767 | D        | Noticed an orc priest
  1767 | D        | Noticed an orc high priest
  1767 | D        | Noticed an orc priest
  1767 | D        | Noticed an orc high priest
  1768 | D        | Found Eluoh's Food Shop.
  1770 | D        | Noticed an orc high priest
  1776 | D        | Killed an orc priest
  1813 | D        | Killed an orc high priest
  1813 | D        | Offered knowledge of Conjure Ball Lightning by Vehumet.
  1813 | D        | Reached skill level 20 in Stealth
  1822 | D        | Killed an orc priest
  1867 | D        | Noticed a sun demon
  1879 | D        | Killed an orc high priest
  1935 | D        | Killed an orc high priest
  1946 | D        | Killed an orc high priest
  2181 | D        | Killed an orc high priest
  2203 | D        | Found Ydeydeps' Jewellery Boutique.
  2205 | D        | Noticed an orc high priest
  2206 | D        | Found Ghie's Food Shop.
  2207 | D        | Noticed an orc high priest
  2208 | D        | Noticed an orc high priest
  2209 | D        | Noticed an orc high priest
  2210 | D        | Noticed an orc priest
  2330 | D        | Noticed an ice devil
  2362 | D        | Killed an ice devil
  2381 | D        | Killed an orc high priest
  2408 | D        | Noticed a soul eater
  2408 | D        | Killed an orc high priest
  2408 | D        | Offered knowledge of Bolt of Fire by Vehumet.
  2408 | D        | Reached skill level 21 in Dodging
  2458 | D        | Learned a level 6 spell: Bolt of Fire
  2521 | D        | Killed an orc high priest
  2521 | D        | Reached skill level 15 in Spellcasting
  2587 | D        | Killed an orc high priest
  2652 | D        | Killed an orc priest
  2655 | D        | Noticed an orc high priest
  2667 | D        | Killed an orc high priest
  2707 | D        | Bought an uncursed ring of poison resistance for 220 gold pieces
  2707 | D        | Bought an uncursed ring of magical power for 220 gold pieces
  2707 | D        | Bought an uncursed amulet of clarity for 220 gold pieces
  2707 | D        | Bought the ring "Shronutwe" {Str+2 Int+5 Dex+5} for 691 gold pieces
  2707 | D        | Bought an uncursed ring of protection from fire for 275 gold pieces
  2707 | D        | Bought an uncursed ring of protection from magic for 275 gold pieces
  2794 | D        | Noticed Gastronok
  2830 | D        | Killed Gastronok
  2830 | D        | Reached XP level 12. HP: 67/67 MP: 8/37
  3022 | D        | Noticed a kobold demonologist
  3022 | D        | Noticed a troll
  3022 | D        | Noticed a centaur
  3022 | D        | Noticed a black mamba
  3022 | D        | Noticed a mottled dragon
  3022 | D        | Noticed a tengu warrior
  3023 | D        | Noticed a giant frog
  3024 | D        | Killed a tengu warrior
  3024 | D        | Reached skill level 5 in Ice Magic
  3026 | D        | Noticed an emperor scorpion
  3028 | D        | Killed a mottled dragon
  3033 | D        | Killed a centaur
  3042 | D        | Killed a troll
  3056 | D        | Noticed a dire elephant
  3057 | D        | Offered knowledge of Freezing Cloud by Vehumet.
  3082 | D        | Learned a level 6 spell: Freezing Cloud
  3093 | D        | Killed a kobold demonologist
  3095 | D        | Noticed a wizard
  3095 | D        | Killed a giant frog
  3118 | D        | Killed a dire elephant
  3128 | D        | Killed a wizard
  3134 | D        | Killed an emperor scorpion
  3167 | D        | Noticed an ettin
  3171 | D        | Noticed an emperor scorpion
  3188 | D        | Killed an ettin
  3198 | D        | Noticed a dire elephant
  3203 | D        | Killed an emperor scorpion
  3204 | D        | Noticed a boggart
  3224 | D        | Killed a boggart
  3243 | D        | Killed a dire elephant
  3390 | D        | Noticed a wolf
  3393 | D        | Noticed Grum
  3395 | D        | Noticed a wolf
  3396 | D        | Killed a wolf
  3401 | D        | Killed Grum
  3401 | D        | Reached skill level 1 in Air Magic
  3406 | D        | Killed a wolf
  3406 | D        | Offered knowledge of Iron Shot by Vehumet.
  3415 | D        | Learned a level 6 spell: Iron Shot
  3504 | D        | Noticed a naga sharpshooter
  3504 | D        | Noticed a naga mage
  3504 | D        | Noticed a black mamba
  3504 | D        | Noticed a black mamba
  3504 | D        | Noticed a black mamba
  3504 | D        | Noticed an anaconda
  3504 | D        | Noticed a naga mage
  3505 | D        | Noticed a naga
  3506 | D        | Killed a naga mage
  3507 | D        | Noticed an anaconda
  3516 | D        | Killed a black mamba
  3529 | D        | Killed a black mamba
  3547 | D        | Killed an anaconda
  3719 | D        | Killed a black mamba
  3754 | D        | Killed a naga mage
  3785 | D        | Killed a naga
  3791 | D        | Killed a naga sharpshooter
  3791 | D        | Offered knowledge of Orb of Destruction by Vehumet.
  3791 | D        | Reached skill level 5 in Air Magic
  3816 | D        | Learned a level 7 spell: Orb of Destruction
  3853 | D        | Killed an anaconda
  3869 | D        | Noticed a vampire mosquito
  3869 | D        | Noticed a giant frog
  3869 | D        | Noticed a spriggan druid
  3869 | D        | Noticed a swamp drake
  3869 | D        | Noticed a hornet
  3869 | D        | Noticed a spriggan rider
  3872 | D        | Noticed a thorn hunter
  3875 | D        | Killed a wasp
  3876 | D        | Killed a spriggan
  3878 | D        | Killed a hornet
  3881 | D        | Killed a swamp drake
  3882 | D        | Killed a giant frog
  3884 | D        | Killed a vampire mosquito
  3885 | D        | HP: 3/67 [cloud of freezing vapour (16)]
  3886 | D        | Engulfed by a cloud of freezing vapour

Action                   |  1- 3 |  4- 6 |  7- 9 | 10-12 || total
-------------------------+-------+-------+-------+-------++-------
Melee: Dagger            |    31 |     7 |       |       ||    38
       Rapier            |       |    10 |    29 |   191 ||   230
 Cast: Corona            |     6 |       |       |       ||     6
       Ensorcelled Hiber |     1 |     9 |    10 |    24 ||    44
       Confuse           |       |     1 |     7 |    90 ||    98
       Dazzling Spray    |       |       |     7 |    16 ||    23
       Sure Blade        |       |       |     1 |     4 ||     5
       Throw Icicle      |       |       |       |    11 ||    11
       Fulminant Prism   |       |       |       |     2 ||     2
       Freezing Cloud    |       |       |       |     2 ||     2
Evoke: Wand              |       |       |       |     5 ||     5
  Use: Potion            |     4 |       |       |     2 ||     6
       Scroll            |       |       |       |     4 ||     4
 Stab: Sleeping          |     1 |     7 |     9 |    14 ||    31
       Confused          |       |     1 |     6 |    45 ||    52
       Invisible         |       |       |     1 |     3 ||     4
       Distracted        |       |       |       |     1 ||     1
  Eat: Fruit             |       |       |       |     8 ||     8
